AoeStats
← Concept of Law

Arabia

505386610Analyzed
1v1 RM · 22d ago on Sep 9, 2026· 115m 21s· 2 players
Game mode
Random Map
Map size
Tiny (2 player)
Population
200
Speed
Normal
Resources
Standard
Victory
Conquest
Starting age
Dark Age
Ending age
Imperial Age
RankedLock teamsTeams togetherTeam positionsShared explorationLock speedFull tech treeHidden civsTurbo modeCheats
Victory
Defeat
🇺🇸 Portuguese · United States
948
+15
🇩🇪 Mongols · Germany
919
-15
BouTellis
6:36 Loom
8:55 Feudal Age
12:18 Double-Bit Axe
20:12 Castle Age
18:56 Horse Collar
22:09 Bloodlines
22:49 Scale Barding Armor
24:09 Forging
30:35 Wheelbarrow
30:07 Gold Mining
34:35 Imperial Age
34:57 Hand Cart
35:15 Light Cavalry
35:56 Husbandry
37:11 Conscription
38:02 Chain Barding Armor
38:06 Stone Mining
41:37 Iron Casting
41:37 Onager
41:43 Heavy Scorpion
43:46 Drill
45:00 Blast Furnace
46:02 Hussar
52:39 Capped Ram
52:42 Siege Onager
57:10 Padded Archer Armor
57:00 Fletching
57:37 Elite Skirmisher
58:24 Thumb Ring
59:41 Bodkin Arrow
60:02 Leather Archer Armor
60:26 Bracer
60:58 Ballistics
61:38 Chemistry
60:45 Siege Engineers
61:56 Heavy Plow
63:14 Elite Mangudai
64:55 Parthian Tactics
68:00 Heavy Camel Rider
Concept of Law
9:28 Loom
12:27 Feudal Age
12:54 Double-Bit Axe
20:39 Castle Age
18:49 Horse Collar
19:16 Gold Mining
19:39 Fletching
21:07 Padded Archer Armor
20:53 Crossbowman
21:55 Bow Saw
21:24 Pikeman
24:17 Wheelbarrow
23:27 Town Watch
23:47 Scale Mail Armor
24:05 Gambesons
30:21 Stone Mining
31:55 Hand Cart
36:08 Imperial Age
34:35 Thumb Ring
34:50 Chain Mail Armor
34:50 Elite Skirmisher
35:40 Bodkin Arrow
36:49 Forging
38:30 Chemistry
37:38 Halberdier
39:41 Two-Man Saw
39:15 Ballistics
40:11 Conscription
42:42 Plate Mail Armor
43:17 Arquebus
43:31 Bracer
44:51 Iron Casting
45:23 Siege Engineers
45:30 Arbalester
48:13 Blast Furnace
47:29 Leather Archer Armor
50:08 Ring Archer Armor
49:44 Scale Barding Armor
49:46 Heavy Plow
50:22 Stone Shaft Mining
51:27 Masonry
53:03 Chain Barding Armor
52:57 Bloodlines
52:49 Husbandry
61:52 Plate Barding Armor
60:39 Cavalier
66:33 Murder Holes
97:45 Man-at-Arms
Connection lost

Rejoining the realm…

Still unreachable

The connection could not be restored.

Session expired

The server has moved on; the page needs a fresh start.